 Dungeon Crawl Stone Soup version 0.29-a0-416-g83a48905f1 (webtiles) character file.

Game seed: 7130108029878803173

964 happo123 the Ruffian (level 7, -6/93 (100) HPs)
             Began as a Troll Berserker on May 16, 2022.
             Was a Priest of Trog.
             Mangled by a wight
             ... wielding a +4 long sword
              (11 damage)
             ... on level 5 of the Dungeon.
             The game lasted 00:11:10 (3264 turns).

happo123 the Ruffian (Troll Berserker)              Turns: 3264, Time: 00:11:11

HP:   -6/93 (100)   AC:  6    Str: 34    XL:     7   Next: 93%
MP:   6/6           EV: 10    Int:  3    God:    Trog [***...]
Gold: 198           SH:  0    Dex:  9    Spells: 6/6 levels left

rFire   . . .      SeeInvis .     - Unarmed
rCold   . . .      Faith    .   (no shield)
rNeg    . . .      Spirit   .   a - +0 animal skin
rPois   .          Reflect  .   (helmet restricted)
rElec   .          Harm     .   m - +1 cloak
rCorr   +          Rampage  .   (gloves unavailable)
Will    .....                   (boots unavailable)
Stlth   ..........              (no amulet)
HPRegen 1.05/turn               d - ring of resist corrosion
MPRegen 0.10/turn               p - +6 ring of strength

@: berserking, drained, very quick
A: large, unfitting armour, claws 3, regeneration 1, shaggy fur 1, tough skin 1
a: Renounce Religion, Berserk, Trog's Hand


You were on level 5 of the Dungeon.
You worshipped Trog.
Trog was most pleased with you.
You visited 1 branch of the dungeon, and saw 5 of its levels.

You collected 198 gold pieces.

Inventory:

Hand Weapons
 k - a +0 executioner's axe
 l - a +3 quarterstaff of chaos
Armour
 a - a +0 animal skin (worn)
 h - an orb of guile
 m - a +1 cloak (worn)
Jewellery
 d - a ring of resist corrosion (left claw)
 p - a +6 ring of strength (right claw)
 q - an amulet of magic regeneration
 x - a ring of positive energy
Scrolls
 b - 2 scrolls of identify {unknown}
 f - 2 scrolls of vulnerability {unknown}
 n - a scroll of magic mapping {unknown}
 r - 3 scrolls of teleportation {unknown}
 w - a scroll of fog {unknown}
Potions
 c - a potion of flight {unknown}
 e - a potion of degeneration {unknown}
 g - 3 potions of attraction {unknown}
 i - a potion of cancellation {unknown}
 j - 2 potions of curing {unknown}
 o - a potion of berserk rage {unknown}
 s - 2 potions of might {unknown}
 t - a potion of magic {unknown}
 u - a potion of haste {unknown}
 v - a potion of brilliance {unknown}
 z - a potion of ambrosia {unknown}


   Skills:
 + Level 3.6 Fighting
 + Level 3.1 Axes
 + Level 4.6 Dodging
 + Level 0.3 Stealth
 + Level 6.3 Unarmed Combat


You had 6 spell levels left.
You didn't know any spells.
Your spell library was empty.

Dungeon Overview and Level Annotations

Branches:
Dungeon (5/15)
 Temple: D:4-7

Altars:
Trog


Innate Abilities, Weirdness & Mutations

You are too large for most types of armour.
You have claws for hands.
Your natural rate of healing is unusually fast.
You are covered in fur. (AC +1)
You have tough skin. (AC +1)


Message History

Found a stone staircase leading down.
A wight comes into view. It is wielding a +4 long sword.
Items here: )) [[.
Okay, then.
A wight comes into view. It is wielding a +0 trident.
A wight comes into view. It is wielding a +2 morningstar.
You claw the wight!
The wight is almost destroyed.
The wight hits you with a +4 long sword.
You feel drained. The wight hits you with a +0 trident!
You closely miss the wight. Your claw misses the wight.
The wight closely misses you. The wight hits you with a +0 trident.
You barely miss the wight.
The wight hits you with a +4 long sword.
The wight barely misses you.
You scratch the wight but do no damage. The wight misses you.
The wight hits you with a +0 trident.
The wight hits you with a +2 morningstar.
You closely miss the wight. You claw the wight.
The wight is moderately damaged.
You scratch the wight but do no damage.
The wight is moderately damaged.
The wight hits you with a +4 long sword.
You feel drained. The wight hits you with a +0 trident.
The wight closely misses you.
A red film seems to cover your vision as you go berserk!
You feel yourself moving faster!
You feel mighty!
The wight hits you with a +4 long sword!
* * * LOW HITPOINT WARNING * * *
The wight closely misses you.
The wight hits you with a +2 morningstar.
* * * LOW HITPOINT WARNING * * *
You feel drained.
* * * LOW HITPOINT WARNING * * *
You scratch the wight. Your claw misses the wight.
The wight is heavily damaged.
The wight hits you with a +2 morningstar!
* * * LOW HITPOINT WARNING * * *
The wight hits you with a +4 long sword!
You die...

.##.... ###...#.#.....#
.#...### ##...#...#####
.#.#... ..#....#..## .#
......##....#...)## ..#
....#...........)###...#
.#................>....#
...............#.......#
†.##.......#...z.###...#
...†.......#....@# ..#
..†..#.........zz# .#
..........######.# #
..#......<# ...
..#.......# ...
..........# .....
###.......# .....
####....# ......# .....


You could see 3 wights.

Vanquished Creatures
  Prince Ribbit (D:5)
  2 scorpions
  A necrophage (D:5)
  3 wights (D:5)
  2 howler monkeys
  3 hounds
  A jelly (D:4)
  2 orc priests
  Crazy Yiuf (D:2)
  An iguana (D:5)
  3 adders (D:2)
  4 worms
  A dart slug (D:5)
  13 orcs
  9 ball pythons
  4 endoplasms
  6 giant cockroaches
  7 hobgoblins
  9 jackals
  4 kobolds
  4 quokkas
  4 bats
  6 goblins
  4 rats
  A spectral kobold (D:1)
96 creatures vanquished.

Notes
Turn   | Place    | Note
-------+----------+-------------------------------------------
     0 | D:1      | happo123 the Troll Berserker began the quest for the Orb.
     0 | D:1      | Reached XP level 1. HP: 22/22 MP: 0/0
   153 | D:1      | Found a faded altar of an unknown god.
   159 | D:1      | Reached XP level 2. HP: 29/29 MP: 1/1
   746 | D:2      | Reached ** piety under Trog
   770 | D:2      | Reached XP level 3. HP: 36/36 MP: 2/2
  1047 | D:2      | Found a runed translucent door.
  1048 | D:2      | Noticed Crazy Yiuf
  1054 | D:2      | Killed Crazy Yiuf
  1055 | D:2      | Reached XP level 4. HP: 45/45 MP: 3/3
  1058 | D:2      | Identified the +2 mace of Gossann {vorpal, Dex+5}
  1279 | D:2      | Reached skill level 4 in Unarmed Combat
  1714 | D:3      | Reached XP level 5. HP: 53/53 MP: 4/4
  1759 | D:3      | Found a bloodstained altar of Trog.
  2386 | D:4      | Reached *** piety under Trog
  2456 | D:4      | Reached skill level 1 in Axes
  2494 | D:4      | Reached skill level 5 in Unarmed Combat
  2494 | D:4      | Reached XP level 6. HP: 56/61 MP: 5/5
  3133 | D:5      | Entered Level 5 of the Dungeon
  3151 | D:5      | Noticed Prince Ribbit
  3158 | D:5      | Reached XP level 7. HP: 66/67 MP: 6/6
  3163 | D:5      | Killed Prince Ribbit
  3167 | D:5      | Reached skill level 6 in Unarmed Combat
  3264 | D:5      | Mangled by a wight

Illustrated notes

Levels and vault maps discovered:
D:1:      minmay_arrival_cross, layout_loops_ring,
          dreamdust_ecumenical_altar_drowned_temple
D:2:      layout_loops_ring, chequers_serial_rivers_marsh, minmay_pentomino_v4,
          uniq_crazy_yiuf_cottage
D:3:      layout_basic, trog_three_pillars_becter, grunt_decor_fettered
D:4:      layout_loops_ring, hangedman_minor_gate_pass
D:5:      layout_rooms, minmay_temple_entry_glassed_door,
          gup_sewer_entry_spiral, uniq_prince_ribbit1

Skill      XL: |  1  2  3  4  5  6  7 |
---------------+----------------------+-----
Fighting       | 3 |  3.6
Dodging        | 3 4 |  4.6
Unarmed Combat | 4 5 6 |  6.3
Axes           | 1 2 3 |  3.1
Stealth        | |  0.3

Action                   |  1- 3 |  4- 6 |  7- 9 || total
-------------------------+-------+-------+-------++-------
Melee: Unarmed           |    55 |   109 |    29 ||   193
       Executioner's axe |       |    56 |       ||    56
       Punch             |       |     3 |     1 ||     4
Invok: Berserk           |     1 |       |     2 ||     3
Armor: Animal skin       |    16 |   105 |     2 ||   123
Dodge: Dodged            |    24 |   150 |    11 ||   185

Table legend: (Time is in decaauts)
 A = Elapsed time spent in this place.
 B = Non-inter-level travel time spent in this place.
 C = Inter-level travel time spent in this place.
 D = Time resting spent in this place.
 E = Time spent auto-exploring this place.
 F = Levels seen in this place.
 G = Mean time per level.
                   A        B        C        D        E       F      G
               +--------+--------+--------+--------+--------+-----+--------+
         Total |   3318 |   2977 |    341 |      0 |   2365 |   5 |  663.6 |
       Dungeon |   3318 |   2977 |    341 |      0 |   2365 |   5 |  663.6 |
               +--------+--------+--------+--------+--------+-----+--------+

Top non-repeatable levels by time:
     D:3: 856 daAuts
     D:4: 805 daAuts
     D:2: 777 daAuts
     D:1: 745 daAuts
     D:5: 133 daAuts
